cohdb
Replays
Latest Replays
All Replays
Popular Replays
Top Player Replays
Match Explorer
How It Works
Community
CoH3 Stats
Reddit
Sign in to upload your games and track your stats! →
Sign in with Steam
Match 36435653
Unlisted
Match 36435653
Overview
Messages
Build Orders
End
Kradschützen Motorcycle Team
Kradschützen Motorcycle Team
250 Light Carrier
Construct Light Support Kompanie
Assault Grenadier Squad
Selects Armored Support Battlegroup
Selects Superior Fire Drills
Assault Grenadier Squad
Construct Mechanized Kompanie
DibbeTC
Gen.Bj
0
0
Comments
sign in to comment!
No comments posted yet!